AoeStats
← Shell

Oasis

509986785Analyzed
4v4 RM · 2d ago on Sep 28, 2026· 18m 56s· 8 players
Game mode
Random Map
Map size
Large (8 player)
Population
200
Speed
Normal
Resources
Standard
Victory
Conquest
Starting age
Dark Age
Ending age
Imperial Age
RankedLock teamsTeams togetherTeam positionsShared explorationLock speedFull tech treeHidden civsTurbo modeCheats
Victory
Defeat
🇦🇷 Japanese · Argentina
1302
+14
🇨🇴 Slavs · Colombia
1267
+16
🇩🇪 Saxons · Germany
1228
+17
🇵🇾 Burgundians · Paraguay
1225
+17
🇨🇳 Persians · China
1287
-17
🇺🇸 Magyars · United States
1272
-17
🇺🇸 Portuguese · United States
1257
-16
🇹🇼 Saxons · Taiwan
1217
-14
DANICW82
10:32 Feudal Age
17:49 Loom
20:54 Castle Age
D.EvilsToy
10:16 Feudal Age
15:03 Castle Age
13:33 Double-Bit Axe
13:34 Horse Collar
Zell
3:54 Loom
10:46 Feudal Age
11:21 Double-Bit Axe
15:00 Wheelbarrow
14:48 Horse Collar
20:12 Castle Age
18:59 Scale Barding Armor
19:23 Bloodlines
eze
6:49 Loom
9:23 Feudal Age
10:34 Man-at-Arms
11:02 Double-Bit Axe
19:06 Horse Collar
Sun Tzu
6:57 Loom
10:15 Feudal Age
13:09 Horse Collar
14:33 Scale Barding Armor
Shell
10:52 Feudal Age
17:05 Castle Age
Mr.Big
7:12 Loom
9:13 Feudal Age
13:19 Fletching
18:27 Double-Bit Axe
孤鸿
6:06 Loom
8:33 Feudal Age
10:08 Double-Bit Axe
10:47 Town Watch
11:40 Wheelbarrow
Connection lost

Rejoining the realm…

Still unreachable

The connection could not be restored.

Session expired

The server has moved on; the page needs a fresh start.